 Seeded DCSS version 0.29-a0-334-gb41bcbb86e (webtiles) character file.

Game seed: 9590231129481424816 (custom seed)

480641 stormannn the Acrobat (level 26, -2/260 HPs)
             Began as a Djinni Hedge Wizard on Apr 15, 2022.
             Was the Champion of Makhleb.
             Slain by a titan (16 damage)
             ... on level 5 of the Vaults on Apr 23, 2022.
             The game lasted 07:22:57 (62676 turns).

stormannn the Acrobat (Djinni Hedge Wizard)        Turns: 62676, Time: 07:22:57

Health: -2/260     AC: 46    Str: 17    XL:     26   Next: 10%
Gold:   2845       EV: 29    Int: 35    God:    Makhleb [******] SH: 17 Dex: 21

rFire   + + +      SeeInvis .   f - +3 Elemental Staff {rElec rF++ rC++ AC+5}
rCold   + + .      Faith    .   y - +3 warlock's mirror {reflect}
rNeg    + . .      Spirit   .   (body armour currently unavailable)
rPois   ∞          Reflect  +   u - +2 hat {Int+3}
rElec   +          Harm     .   s - +2 cloak {rC+}
rCorr   +          Rampage  .   (gloves currently unavailable)
Will    +....                   (boots unavailable)
Stlth   +.........              O - amulet of reflection
HPRegen 0.53/turn               d - +6 ring of intelligence
MPRegen 0.00/turn               k - ring of the Tick {rCorr Str+8 Dex+6 Slay-5}

@: statue-form, silenced, weak-willed, flying, studying Polearms, very slow
A: slow and powerful, torment resistance 1, flying, boosted hp, sickness
immunity, fire resistance 2, cold vulnerability 1, float, innate caster, HP
casting, extra vitality 1
}: 2/15 runes: barnacled, gossamer
a: End Transformation, Renounce Religion


You were on level 5 of the Vaults.
You worshipped Makhleb.
Makhleb was exalted by your worship.
You were a living statue of rough stone.
You visited 9 branches of the dungeon, and saw 44 of its levels.
You visited 1 bazaar.
You also visited: Gauntlet and Ice Cave.

You collected 6592 gold pieces.
You spent 3747 gold pieces at shops.

Inventory:

Hand Weapons
 f - the +3 Elemental Staff (weapon) {rElec rF++ rC++ AC+5}
   (You acquired it on level 2 of the Dungeon)

   If the wielder is skilled in Evocations, they can discharge powerful blasts
   of elemental energy when striking with it.
   It enhances your fire, ice, earth and air magic.
   AC:        It affects your AC (+5).
   rF:        It greatly protects you from fire.
   rC:        It greatly protects you from cold.
   rElec:     It insulates you from electricity.
Missiles
 P - 798 stones
Armour
 b - +0 gold dragon scales
 s - a +2 cloak of cold resistance (worn)
 u - a +2 hat of intelligence (worn)
 y - the +3 warlock's mirror (worn) {reflect}
   (You acquired it on level 7 of the Dungeon)

   It can block and reflect piercing ranged attacks and magical attacks against
   the wielder's willpower.
 N - a +2 pair of gloves of stealth (melded)
 V - a scarf of resistance
 W - an orb of mayhem
 X - the +2 animal skin "Zess" (melded) {rF+ Will+ Dex+3}
   (You found it on level 3 of the Shoals)

   Dex:       It affects your dexterity (+3).
   rF:        It protects you from fire.
   Will:      It increases your willpower.
Jewellery
 d - a +6 ring of intelligence (left fist)
 k - the ring of the Tick (right fist) {rCorr Str+8 Dex+6 Slay-5}
   (You found it in a Gauntlet)

   [ring of dexterity]

   Str:       It affects your strength (+8).
   Dex:       It affects your dexterity (+6).
   Slay:      It affects your accuracy & damage with ranged weapons and melee
   (-5).
   rCorr:     It protects you from acid and corrosion.
 O - an amulet of reflection (around neck)
 S - a ring of see invisible
 Y - an amulet of regeneration
Wands
 l - a wand of mindburst (27)
 m - a wand of charming (10)
 q - a wand of digging (15)
 z - a wand of iceblast (27)
 C - a wand of acid (19)
 D - a wand of paralysis (15)
 J - a wand of polymorph (31)
 T - a wand of flame (22)
Scrolls
 a - 24 scrolls of teleportation
 i - 8 scrolls of magic mapping
 A - 3 scrolls of holy word
 B - 7 scrolls of blinking
 F - 3 scrolls of summoning
 H - 4 scrolls of enchant weapon
 I - 3 scrolls of fog
 K - 8 scrolls of fear
 L - 2 scrolls of brand weapon
 R - a scroll of silence
 U - 5 scrolls of enchant armour
Potions
 e - 4 potions of lignification
 g - 5 potions of heal wounds
 h - 30 potions of curing
 j - a potion of resistance
 n - 5 potions of might
 o - 7 potions of ambrosia
 p - 5 potions of haste
 r - 5 potions of berserk rage
 t - 10 potions of mutation
 v - 2 potions of invisibility
 x - 4 potions of attraction
 G - 3 potions of brilliance
 Q - 6 potions of cancellation


   Skills:
 + Level 20.0 Fighting
 - Level 6.0 Armour
 + Level 21.7 Dodging
 - Level 1.5 Stealth
 + Level 17.7 Shields
 * Level 21.5 Spellcasting
 * Level 13.4 Invocations


You couldn't memorise any spells.
You knew the following spells:

 Your Spells              Type           Power      Damage    Failure   Level
a - Magic Dart            Conj           100%       1d8       0%          1
b - Blink                 Tloc           100%       N/A       0%          2
c - Call Imp              Summ           100%       N/A       0%          2
d - Slow                  Hex            100%       N/A       0%          1
e - Conjure Flame         Conj/Fire      100%       6-21      0%          3
f - Mephitic Cloud        Conj/Pois/Air  100%       N/A       0%          3
g - Sandblast             Erth           100%       2d20      0%          1
h - Poisonous Vapours     Pois/Air       100%       N/A       0%          2
i - Static Discharge      Conj/Air       100%       N/A       0%          2
j - Confusing Touch       Hex            100%       N/A       0%          3
k - Yara's Violent Unrav  Hex/Tmut       56%        3d21      0%          5
l - Freezing Cloud        Conj/Ice/Air   81%        6-21      0%          5
m - Death Channel         Necr           56%        N/A       1%          6
n - Orb of Destruction    Conj           56%        9d14      1%          7
o - Statue Form           Tmut/Erth      90%        N/A       1%          6
p - Dragon Form           Tmut           56%        N/A       1%          7
q - Maxwell's Capacitive  Air            68%        ∞         1%          8
r - Disjunction           Tloc           56%        N/A       1%          8
Your spell library was empty.

Dungeon Overview and Level Annotations

Branches:
Dungeon (15/15)            Temple (1/1) D:5            Lair (6/6) D:10
 Shoals (4/4) Lair:3       Spider (4/4) Lair:4        Slime (0/5) Lair:5
    Orc (2/2) D:9             Elf (3/3) Orc:2        Vaults (5/5) D:13
  Crypt (0/3) Vaults:2     Depths (4/4) D:15            Zot (0/5) Depths:4
  IceCv (visited)         Gauntlet (visited)

Altars:
Ashenzari
Cheibriados
Dithmenos
Elyvilon
Fedhas
Gozag
Hepliaklqana
Kikubaaqudgha
Makhleb
Nemelex Xobeh
Okawaru
Qazlal
Ru
Sif Muna
Trog
Uskayaw
Vehumet
Wu Jian
Xom
Yredelemnul
Zin
The Shining One
Beogh
Lugonu

Shops:
D:2 (   D:14 *   D:15 !   Orc:1 :   Orc:2 ?(!?   Elf:3 (?   Shoals:1 (
Shoals:4 ***   Vaults:3 (   Vaults:4 [

Portals:
Hell: Depths:1 Depths:2 Depths:3 Depths:4
Abyss: Depths:1 Depths:3
Pandemonium: Depths:2
Ziggurat: Depths:1
Trove: Elf:2 (give +3 shadow dragon scales)

Annotations:
D:4 2 transporters
Spider:2 3 runed translucent doors, spiderkeys's ghost, adept SpAK


Innate Abilities, Weirdness & Mutations

You are a living statue of rough stone.
Your actions are slow, but your melee attacks are powerful.
You are resistant to unholy torment.
You are flying.
Your maximum health is greatly increased.
Your equipment is partially melded.
You are immune to sickness and miasma.
You are immune to poison.
Your flesh is very heat resistant. (rF++)
You are vulnerable to cold. (rC-)
You float through the air rather than walking.
You learn spells naturally, not from books.
Your magical power is your life essence.
You have superior vitality. (+4 MHP)


Message History

The tentacled monstrosity convulses!
The phantasmal warrior convulses!
You destroy the phantasmal warrior!
Makhleb accepts your kill.
The dread lich convulses!
The shadow demon convulses!
The lich convulses!
The tentacled monstrosity convulses!
The frost giant shouts!
You hear a shout! x2
The dread lich mumbles some strange words.
The dread lich flickers and vanishes!
Deactivating autopickup; reactivate with Ctrl-A.
The dread lich casts a spell.
The dread lich flickers and vanishes!
The sphinx mumbles some strange words.
Your +3 warlock's mirror {reflect} reflects the Paralyse!
The sphinx resists with significant effort.
The titan barely misses you.
The freezing wraith is lost in a daze.
The titan hits you.
* * * LOW HITPOINT WARNING * * *
The titan hits you!!
* * * LOW HITPOINT WARNING * * *
The stone giant misses you.
The frost giant is empowered by the deep elf high priest's aura!
The ironbound convoker is empowered by the deep elf high priest's aura!
You block the deep elf high priest's attack.
Something touches you but does no damage.
The sphinx mumbles some strange words.
Your +3 warlock's mirror {reflect} reflects the Confuse!
The sphinx resists with significant effort.
You hear a deafening roar!
You hear a shout!
Unknown command.
Unknown command.
Unknown command.
Unknown command.
Okay, then.
Okay, then.
Unknown command.
As you read the scroll of silence, it crumbles to dust.
A profound silence engulfs you. You block the titan's attack.
The ironbound convoker casts a spell at something.
The titan hits you!
You die...

#####.9)[[)S.##
C..p[).p...#
C...#).Xp#.§.
...D..#C2pL# G#
...p.C#.p{.# #
#.....#CCp.#
#.c9.#


#WCHC# #C{8.# #ceCC# #DXX1# #.9W§# #2X§§# #§.W§# #§§§§# #§§§.# #.2.§# You could
see 3 tentacled monstrosities, 4 titans, a storm dragon (unsilenced), an Ice
Fiend (summoned, unsilenced, dazed), a sphinx (empowered), 2 stone giants, 4
vault wardens, a lich (empowered, dazed), a yaktaur captain (strong), 2 ettins,
a blizzard demon (summoned, dazed), a satyr (empowered), a shadow demon
(summoned, dazed), 2 war gargoyles, a deep elf high priest (brilliance aura), a
phantasmal warrior (unsilenced, dazed), 2 ironbound convokers and a freezing
wraith (dazed).

Vanquished Creatures
  Mara (Vaults:2)
  Saint Roka (Vaults:2)
  2 golden dragons
  A bone dragon (Depths:4)
  2 tentacled monstrosities
  Jorgrun (Shoals:2)
  Zenata (Vaults:2)
  3 deep elf blademasters
  2 quicksilver dragons
  A titan (Vaults:5)
  2 liches
  Polyphemus (Shoals:2)
  A walking divine tome (Depths:2)
  A kraken (Shoals:4)
  A deep elf master archer (Elf:3)
  Gastronok (Lair:1)
  4 sphinxes
  4 storm dragons
  3 tengu reavers
  Ilsuiw (Shoals:2)
  A draconian monk (Depths:4)
  11 slime creatures
  16 vault wardens
  13 deep elf sorcerers
  10 fire giants
  8 frost giants
  6 emperor scorpions
  An iron dragon (Vaults:5)
  10 deep elf elementalists
  Louise (D:15)
  4 draconian stormcallers (Depths:4)
  18 ironbound preservers
  A broodmother (Spider:1)
  20 stone giants
  27 very ugly things
  A war gargoyle (Vaults:5)
  7 ironbound thunderhulks
  4 deep elf demonologists
  6 vampire knights
  2 green draconians (Depths:4)
  2 entropy weavers
  A red draconian (Depths:4)
  18 dire elephants
  8 deep elf annihilators (Elf:3)
  9 spark wasps
  A purple draconian (Depths:4)
  6 deep elf death magi
  3 merfolk javelineers
  11 fire dragons
  13 merfolk impalers
  10 ettins
  3 deep elf high priests
  Josephine (Lair:6)
  7 great orbs of eyes
  3 ice dragons
  7 yaktaur captains
  A hell beast (Depths:3)
  5 hydras
  3 rakshasas (Depths:2)
  2 catoblepae
  4 spriggan air magi
  47 vault guards
  4 ogre magi
  Erolcha (D:11)
  10 ironbound frosthearts
  2 boulder beetles
  4 jorogumos (Spider:4)
  3 radroaches
  2 satyrs (Shoals:3)
  A catoblepas (shapeshifter) (Vaults:4)
  Erica (Lair:1)
  4 alligator snapping turtles
  2 death knights
  3 merfolk avatars (Shoals:4)
  4 merfolk aquamancers (Shoals:4)
  5 centaur warriors
  32 dancing weapons
  16 two-headed ogres
  8 deep troll shamans
  2 death yaks (Shoals:2)
  10 tengu warriors
  A death scarab (Spider:3)
  6 spriggan berserkers
  2 vampire magi
  Urug (Lair:1)
  Nergalle (D:9)
  8 deep troll earth magi
  Sonja (Lair:1)
  7 hell knights
  A shock serpent (shapeshifter) (Vaults:5)
  7 spriggans
  9 sun demons (Depths:3)
  25 deep elf knights
  2 fire crabs (shapeshifter)
  10 iron trolls
  A fire crab (Gauntlet)
  A goliath frog (shapeshifter) (Depths:2)
  7 pharaoh ants
  5 glowing orange brains
  4 steelbarb worms
  3 sun moths (Spider:4)
  5 lindwurms
  24 orb spiders
  14 sea snakes
  6 wizards
  7 deep elf archers
  75 deep trolls
  19 ironbound convokers
  5 phantasmal warriors
  20 deep elf zephyrmancers
  22 harpies
  12 manticores
  4 orc sorcerers
  3 necromancers
  23 deep elf pyromancers
  23 wolf spiders
  2 human zombies (Vaults:1)
  2 shining eyes (Depths:3)
  37 ugly things
  3 moths of wrath (Spider:4)
  9 fauns
  15 cyclopes
  7 merfolk sirens
  A moth of wrath (shapeshifter) (Vaults:2)
  20 vault sentinels
  9 black mambas
  An elephant (shapeshifter) (D:14)
  7 elephants (Lair:5)
  6 water nymphs
  9 torpor snails
  11 cane toads
  A guardian serpent (Lair:6)
  A stone giant skeleton (Vaults:3)
  3 gargoyles
  2 unseen horrors
  An eye of devastation (Depths:3)
  A storm dragon simulacrum (Vaults:3)
  An elf skeleton (Vaults:1)
  10 demonic crawlers
  4 rime drakes
  Psyche (D:12)
  Maggie (Lair:1)
  A hellion (Depths:3)
  4 freezing wraiths
  45 yaktaurs
  An entropy weaver simulacrum (IceCv)
  8 komodo dragons
  3 tengu conjurers
  An anaconda simulacrum (IceCv)
  The ghost of hellse the Ruffian, an amateur TrDe (D:7)
  A queen bee (shapeshifter) (Depths:1)
  17 trolls
  2 meliai (Spider:4)
  A polar bear (shapeshifter) (Elf:2)
  A meliai (shapeshifter) (Vaults:3)
  35 merfolk
  27 tarantellas
  11 hornets
  6 wind drakes
  11 blink frogs
  A snapping turtle (shapeshifter) (Vaults:4)
  A raiju (shapeshifter) (D:14)
  6 dream sheep (Lair:5)
  A human skeleton (Vaults:3)
  19 snapping turtles
  A centaur simulacrum (D:10)
  26 jumping spiders
  2 ettin skeletons
  7 wraiths
  A shadow (D:12)
  2 dire elephant simulacra (IceCv)
  3 vampires (Vaults:2)
  14 culicivoras
  An elf zombie (Vaults:3)
  14 water elementals
  13 wyverns
  6 fire bats (Gauntlet)
  4 basilisks
  49 yaks
  2 fire elementals (Elf:1)
  A chaos spawn (Depths:2)
  2 death yak simulacra (IceCv)
  47 redbacks
  A warg (shapeshifter) (Vaults:5)
  2 vampire mosquitoes (D:11)
  2 wargs
  2 acid dragons
  An ogre zombie (Vaults:1)
  19 water moccasins
  2 hell hounds (Gauntlet)
  A floating eye (Depths:3)
  18 orc warriors
  4 sky beasts
  An ice beast (D:8)
  17 ogres
  4 wolves (Lair:4)
  14 centaurs
  A phantom (D:7)
  16 bullfrogs
  10 kobold brigands
  5 earth elementals
  A gnoll sergeant (D:13)
  A cane toad simulacrum (IceCv)
  6 scorpions
  3 necrophages
  A two-headed ogre simulacrum (IceCv)
  5 wights
  31 killer bees
  2 howler monkeys
  16 orc priests
  2 hounds
  6 jellies
  2 gnoll shamans
  19 orc wizards
  3 polar bear simulacra (IceCv)
  4 spriggan simulacra (IceCv)
  6 troll simulacra (IceCv)
  3 wolf simulacra
  10 gnolls
  8 naga simulacra (IceCv)
  12 adders
  8 white imps
  9 ufetubi
  6 worms
  3 dart slugs
  67 orcs
  8 endoplasms
  5 giant cockroaches
  13 goblins
  6 hobgoblins
  2 jackals (D:2)
  2 quokkas
  9 ball pythons
  8 bats
  4 frilled lizards
  13 kobolds
  2 rats
  2 bushes (Shoals:3)
  2 tentacles (Shoals:4)
1838 creatures vanquished.

Vanquished Creatures (collateral kills)
  An orc warlord (Orc:1)
  2 wolf spiders (Spider:1)
  A blink frog (Lair:2)
  2 tarantellas (Spider:1)
  A jumping spider (Spider:1)
  2 orc warriors (Orc:1)
  6 ogres (Orc:1)
  A killer bee (D:9)
  An orc wizard (D:5)
  An orc (D:5)
18 creatures vanquished.

Vanquished Creatures (others)
  A deep elf death mage (Elf:3)
  A radroach (Spider:2)
  A deep elf pyromancer (D:15)
  A deep elf zephyrmancer (Elf:2)
  A kobold brigand (D:7)
  A white imp (D:5)
  40 fungi
  156 plants
  14 tentacles (Shoals:4)
216 creatures vanquished.

Grand Total: 2072 creatures vanquished

Notes
Turn   | Place    | Note
-------+----------+-------------------------------------------
     0 | D:1      | stormannn the Djinni Hedge Wizard began the quest for the
                  | Orb.
     0 | D:1      | Reached XP level 1. HP: 15/15 MP: 0/0
   491 | D:1      | Reached XP level 2. HP: 18/21 MP: 0/0
   819 | D:1      | Reached skill level 1 in Armour
  1099 | D:1      | Found a faded altar of an unknown god.
  1185 | D:1      | Reached XP level 3. HP: 22/26 MP: 0/0
  1185 | D:1      | Learned a level 1 spell: Sandblast
  1686 | D:1      | Reached skill level 1 in Fighting
  2217 | D:2      | Noticed a necrophage
  2234 | D:2      | Killed a necrophage
  2235 | D:2      | Reached XP level 4. HP: 21/32 MP: 0/0
  2353 | D:2      | Reached XP level 5. HP: 35/37 MP: 0/0
  2353 | D:2      | Learned a level 2 spell: Poisonous Vapours
  3450 | D:2      | Found Norellote's Weapon Shop.
  3912 | D:2      | Identified a scroll of acquirement
  3912 | D:2      | Acquired the +3 Elemental Staff {rElec rF++ rC++ AC+5}
  3912 | D:2      | Found the +3 Elemental Staff {rElec rF++ rC++ AC+5}
  4228 | D:3      | Identified the +5 hand axe "Houco" {vorpal, rPois rN+}
  4415 | D:3      | Reached XP level 6. HP: 38/43 MP: 0/0
  4753 | D:3      | Found a hazy altar of Hepliaklqana.
  5588 | D:4      | Found a hide-covered altar of Uskayaw.
  6077 | D:4      | Found a transporter.
  6134 | D:4      | Found a transporter.
  6329 | D:5      | Entered Level 5 of the Dungeon
  6359 | D:5      | Reached XP level 7. HP: 26/49 MP: 0/0
  6359 | D:5      | Learned a level 2 spell: Static Discharge
  6746 | D:5      | Found a staircase to the Ecumenical Temple.
  7214 | D:5      | Reached XP level 8. HP: 43/56 MP: 0/0
  7550 | D:6      | You are sucked into a shaft and drop 3 floors!
  7574 | D:9      | Reached skill level 5 in Spellcasting
  7831 | D:9      | Reached skill level 5 in Dodging
  8223 | D:9      | Reached XP level 9. HP: 51/63 MP: 0/0
  8223 | D:9      | Learned a level 3 spell: Confusing Touch
  8306 | D:9      | Reached skill level 5 in Fighting
  9160 | D:6      | Identified the +6 mace "Zyad" {pain, rPois rC- rN+ Str+2}
  9424 | D:6      | Identified the +1 scale mail of Rajokkoc {Fly Str+2 Int-4
                  | Dex+2}
  9524 | D:6      | Reached XP level 10. HP: 61/72 MP: 0/0
 10948 | D:7      | Found a runed translucent gate.
 10948 | D:7      | Found a runed translucent gate.
 10948 | D:7      | Found a runed translucent gate.
 10950 | D:7      | Noticed hellse's ghost (amateur TrDe)
 11041 | D:7      | Killed hellse's ghost
 11630 | D:7      | Found a bloodstained altar of Trog.
 11671 | D:7      | Found a white marble altar of Elyvilon.
 11712 | D:7      | Acquired the +3 warlock's mirror {reflect}
 11712 | D:7      | Found the +3 warlock's mirror {reflect}
 11994 | D:8      | Reached skill level 1 in Shields
 13158 | D:9      | Reached XP level 11. HP: 59/79 MP: 0/0
 13158 | D:9      | Learned a level 5 spell: Yara's Violent Unravelling
 13305 | D:9      | Found a staircase to the Orcish Mines.
 13471 | D:10     | Entered Level 10 of the Dungeon
 13500 | D:10     | Reached skill level 5 in Shields
 14271 | D:10     | Noticed a two-headed ogre
 14282 | D:10     | Killed a two-headed ogre
 14412 | D:10     | Found a staircase to the Lair.
 15153 | D:10     | Noticed a centaur warrior
 15391 | D:11     | Noticed a brown ugly thing
 15416 | D:11     | Killed a red ugly thing
 16117 | Orc:1    | Entered Level 1 of the Orcish Mines
 16117 | Orc:1    | Noticed Nergalle
 16117 | Orc:1    | Found Gajay's Book Shoppe.
 16176 | Lair:1   | Entered Level 1 of the Lair of Beasts
 16184 | Lair:1   | Noticed Erica
 16187 | Lair:1   | Reached XP level 12. HP: 68/88 MP: 0/0
 16204 | Lair:1   | Killed Erica
 16264 | Lair:1   | Noticed Sonja
 16271 | Lair:1   | Killed Sonja
 16389 | Lair:1   | Noticed Gastronok
 16418 | Lair:1   | Killed Gastronok
 16419 | Lair:1   | Reached skill level 5 in Armour
 16510 | Lair:1   | Noticed Urug
 16533 | Lair:1   | Killed Urug
 16534 | Lair:1   | Reached skill level 10 in Dodging
 16617 | Lair:1   | Noticed Maggie
 16635 | Lair:1   | Killed Maggie
 17559 | Temple   | Entered the Ecumenical Temple
 17719 | Temple   | Became a worshipper of Makhleb the Destroyer
 17886 | Lair:2   | Found a gate leading to a gauntlet.
 17889 | Gauntlet | Entered a Gauntlet
 17889 | Gauntlet | Noticed a catoblepas
 17889 | Gauntlet | Noticed a fire crab
 17889 | Gauntlet | Found a transporter.
 17889 | Gauntlet | Found a transporter.
 17890 | Gauntlet | Found a transporter.
 17893 | Gauntlet | Found a transporter.
 17898 | Gauntlet | Noticed an orb spider
 17902 | Gauntlet | Noticed a swamp dragon
 17902 | Gauntlet | an orb spider changed into a swamp dragon
 17903 | Gauntlet | a swamp dragon changed into a yaktaur
 17907 | Gauntlet | Found a transporter.
 17909 | Gauntlet | Found a large runed translucent door.
 17910 | Gauntlet | Found a large runed translucent door.
 17911 | Gauntlet | Found a large runed translucent door.
 17911 | Gauntlet | Found a large runed translucent door.
 17911 | Gauntlet | Found a runed translucent door.
 17921 | Gauntlet | Noticed a two-headed ogre
 17921 | Gauntlet | a swamp worm changed into a two-headed ogre
 17930 | Gauntlet | Found a transporter.
 17930 | Gauntlet | Found a transporter.
 17932 | Gauntlet | a two-headed ogre changed into a cyclops
 17933 | Gauntlet | Noticed a fire crab
 17933 | Gauntlet | a cyclops changed into a fire crab
 17936 | Gauntlet | a fire crab changed into a polar bear
 17952 | Gauntlet | Found a transporter.
 17989 | Gauntlet | Found a transporter.
 17991 | Gauntlet | Found a large runed translucent door.
 17992 | Gauntlet | Found a large runed translucent door.
 17993 | Gauntlet | Found a large runed translucent door.
 17993 | Gauntlet | Found a large runed translucent door.
 17993 | Gauntlet | Found a runed translucent door.
 17994 | Gauntlet | Found a large runed translucent door.
 17995 | Gauntlet | Found a large runed translucent door.
 17996 | Gauntlet | Found a large runed translucent door.
 17996 | Gauntlet | Found a large runed translucent door.
 17997 | Gauntlet | Found a runed translucent gate.
 17997 | Gauntlet | Found a runed translucent gate.
 17997 | Gauntlet | Found a runed translucent gate.
 17999 | Gauntlet | Found a transporter.
 18008 | Gauntlet | Found a large runed translucent door.
 18008 | Gauntlet | Found a large runed translucent door.
 18009 | Gauntlet | Found a large runed translucent door.
 18010 | Gauntlet | Found a large runed translucent door.
 18014 | Gauntlet | Found a transporter.
 18022 | Gauntlet | Noticed a sixfirhy
 18024 | Gauntlet | Found a transporter.
 18057 | Gauntlet | Noticed a swamp dragon
 18066 | Gauntlet | Noticed a fire dragon
 18070 | Gauntlet | Noticed a spark wasp
 18070 | Gauntlet | a fire dragon changed into a spark wasp
 18123 | Gauntlet | Killed a fire crab
 18168 | Gauntlet | Noticed a fire dragon
 18171 | Gauntlet | Noticed a spark wasp
 18171 | Gauntlet | a fire dragon changed into a spark wasp
 18182 | Gauntlet | Identified the ring of the Tick {rCorr Str+8 Dex+6 Slay-5}
 18233 | Gauntlet | Noticed a fire crab
 18242 | Gauntlet | a fire crab changed into a yak
 18249 | Gauntlet | Noticed a fire crab
 18249 | Gauntlet | a harpy changed into a fire crab
 18259 | Gauntlet | Identified the ring "Woor" {rC+ Str+6 Slay+3}
 18268 | Gauntlet | Identified the +8 glaive "Xocsu" {vorpal, Fragile Will+++
                  | Int-5 Stlth+}
 18268 | Gauntlet | Noticed a minotaur
 18290 | Gauntlet | Identified the +4 glaive "Muufos" {spect, Int+10}
 18400 | Lair:2   | Found a frozen archway.
 18409 | IceCv    | Entered an ice cave
 18524 | IceCv    | Reached * piety under Makhleb
 18536 | IceCv    | Reached XP level 13. HP: 94/94 MP: 0/0
 18536 | IceCv    | Learned a level 5 spell: Freezing Cloud
 19177 | IceCv    | Noticed a reaper
 19192 | IceCv    | Reached ** piety under Makhleb
 19456 | Lair:2   | Noticed an eight-headed hydra
 19460 | Lair:2   | Killed an eight-headed hydra
 20293 | Lair:3   | Noticed an eight-headed hydra
 20300 | Lair:3   | Killed an eight-headed hydra
 20301 | Lair:3   | Reached skill level 10 in Fighting
 20301 | Lair:3   | Reached skill level 10 in Spellcasting
 20320 | Lair:3   | Noticed a seven-headed hydra
 20328 | Lair:3   | Killed a seven-headed hydra
 20599 | Lair:3   | Found a staircase to the Shoals.
 21445 | Lair:4   | Found a hole to the Spider Nest.
 21483 | Lair:4   | Noticed a catoblepas
 21490 | Lair:4   | Killed a catoblepas
 21885 | Lair:5   | Reached *** piety under Makhleb
 21929 | Lair:5   | Reached skill level 10 in Shields
 21945 | Lair:5   | Found a staircase to the Slime Pits.
 22047 | Lair:5   | Noticed a seven-headed hydra
 22052 | Lair:5   | Killed a seven-headed hydra
 22053 | Lair:5   | Reached XP level 14. HP: 103/103 MP: 0/0
 22563 | Lair:6   | Entered Level 6 of the Lair of Beasts
 22612 | Lair:6   | Reached **** piety under Makhleb
 22615 | Lair:6   | Noticed Josephine
 22624 | Lair:6   | Killed Josephine
 23128 | Lair:6   | Identified the +5 chain mail of the Centipede {rF+ Int+5
                  | Dex-2}
 23164 | Lair:6   | Reached ***** piety under Makhleb
 23948 | D:9      | Killed Nergalle
 24302 | Orc:2    | Entered Level 2 of the Orcish Mines
 24302 | Orc:2    | Found Zixaic's Antique Weapon Emporium.
 24302 | Orc:2    | Found Mearr's Magic Scroll Shop.
 24344 | Orc:1    | Reached XP level 15. HP: 112/112 MP: 0/0
 24344 | Orc:1    | Learned a level 6 spell: Death Channel
 24414 | Orc:2    | Noticed an orc warlord
 24583 | Orc:1    | Killed an orc warlord
 24792 | Orc:2    | Found Xaemaoff's Distillery.
 24793 | Orc:2    | Found Irrur's Magic Scroll Shoppe.
 24825 | Orc:2    | Found a staircase to the Elven Halls.
 25129 | Orc:2    | Bought a scorched flail for 229 gold pieces
 25129 | Orc:2    | Identified the +3 flail "Mamu" {elec, *Rage Str+7 Dex+5}
                  | (You bought it in a shop on level 2 of the Orcish Mines)
 25211 | D:11     | Reached ****** piety under Makhleb
 25339 | D:11     | Noticed Erolcha
 25346 | D:11     | Killed Erolcha
 25501 | D:11     | Found an iron altar of Okawaru.
 25927 | D:12     | Noticed Psyche
 25930 | D:12     | Killed Psyche
 26334 | D:13     | Found a gate to the Vaults.
 26619 | D:13     | Reached XP level 16. HP: 87/121 MP: 0/0
 27091 | Shoals:1 | Entered Level 1 of the Shoals
 27217 | Shoals:1 | Found Loack's Antique Weapon Emporium.
 28310 | Shoals:2 | Noticed Ilsuiw
 28323 | Shoals:2 | Killed Ilsuiw
 28436 | Shoals:2 | Reached skill level 15 in Dodging
 28437 | Shoals:2 | Noticed Polyphemus
 28453 | Shoals:2 | Killed Polyphemus
 29266 | Shoals:3 | Noticed Jorgrun
 29287 | Shoals:2 | Killed Jorgrun
 29431 | Shoals:3 | Reached XP level 17. HP: 128/128 MP: 0/0
 29431 | Shoals:3 | Learned a level 7 spell: Orb of Destruction
 30420 | Shoals:4 | Entered Level 4 of the Shoals
 30502 | Shoals:4 | Found Xiner's Assorted Antiques.
 30512 | Shoals:4 | Bought a scroll of acquirement for 1612 gold pieces
 30526 | Shoals:4 | Bought an encrusted kite shield for 294 gold pieces
 30526 | Shoals:4 | Identified the +4 kite shield of the Okapi {Will+ Int+4}
                  | (You bought it in a shop on level 4 of the Shoals)
 30530 | Shoals:4 | Acquired 960 gold pieces
 30771 | Shoals:4 | Got a barnacled rune of Zot
 30993 | Shoals:4 | Found Zamuoracw's General Store.
 31017 | Shoals:4 | Found Vunnainu's Specific Store.
 31159 | Shoals:4 | Noticed a kraken
 31250 | Shoals:4 | Killed a kraken
 31752 | Shoals:4 | Reached XP level 18. HP: 51/136 MP: 0/0
 32155 | Spider:1 | Entered Level 1 of the Spider Nest
 33110 | Spider:2 | Reached skill level 15 in Fighting
 33682 | Spider:2 | Found a runed translucent gate.
 33683 | Spider:2 | Found a runed translucent gate.
 33683 | Spider:2 | Found a runed translucent gate.
 33684 | Spider:2 | Noticed spiderkeys's ghost (adept SpAK)
 34468 | Spider:3 | Identified the +0 pair of boots "Niklogir" {*Slow rElec
                  | Slay+2 SInv}
 34809 | Spider:4 | Entered Level 4 of the Spider Nest
 34933 | Spider:4 | Reached skill level 15 in Spellcasting
 35043 | Spider:4 | Reached skill level 15 in Shields
 35065 | Spider:4 | Reached XP level 19. HP: 133/143 MP: 0/0
 35065 | Spider:4 | Learned a level 6 spell: Statue Form
 36515 | Spider:4 | Got a gossamer rune of Zot
 37559 | D:14     | Found Giz Rue's Neck Hole.
 37793 | D:15     | Entered Level 15 of the Dungeon
 38355 | D:15     | Noticed Louise
 38369 | D:15     | Killed Louise
 38479 | D:15     | Found Opiocw's Distillery.
 38556 | D:15     | Found a staircase to the Depths.
 38906 | Shoals:4 | Bought a scroll of acquirement for 1612 gold pieces
 38907 | Shoals:4 | Acquired a manual of Spellcasting
 39005 | Shoals:3 | Identified the +2 animal skin "Zess" {rF+ Will+ Dex+3}
 39248 | Elf:1    | Entered Level 1 of the Elven Halls
 39526 | Elf:1    | Reached XP level 20. HP: 151/151 MP: 0/0
 40976 | Elf:2    | Found a portal to a secret trove of treasure.
 41006 | Elf:2    | Found a flickering gateway to a bazaar.
 41016 | Bazaar   | Entered a bazaar
 41032 | Bazaar   | Found Engoit's Assorted Antiques.
 41033 | Bazaar   | Found Hegeym's Distillery.
 41076 | Bazaar   | Found Rutuuveo's Book Emporium.
 41076 | Bazaar   | Found Leatilot's Armour Emporium.
 42428 | Elf:2    | Found a runed translucent gate.
 42429 | Elf:2    | Found a runed translucent gate.
 42429 | Elf:2    | Found a runed translucent gate.
 44979 | Elf:3    | Entered Level 3 of the Elven Halls
 44988 | Elf:3    | Found Ystromyu's Magic Scroll Emporium.
 44999 | Elf:3    | Found Cupesch's Weapon Shoppe.
 45449 | Elf:3    | Reached XP level 21. HP: 126/160 MP: 0/0
 45449 | Elf:3    | Learned a level 7 spell: Dragon Form
 45709 | Elf:3    | Identified the +10 war axe of Vaapnorr {drain, +Blink
                  | Str+4}
 45859 | Elf:3    | Reached skill level 1 in Invocations
 46015 | Elf:3    | Identified the +1 leather armour of Elyvilon's Grace {Str+2
                  | SInv}
 46510 | Depths:1 | Entered Level 1 of the Depths
 46549 | Depths:1 | Found a glowing golden altar of the Shining One.
 46669 | Depths:1 | Found a one-way gate to the infinite horrors of the Abyss.
 46980 | Depths:1 | Found a broken altar of Ashenzari.
 47294 | Depths:1 | Found a gateway to Hell.
 47754 | Depths:1 | Found a one-way gateway to a ziggurat.
 48114 | Depths:2 | Reached XP level 22. HP: 130/168 MP: 0/0
 48297 | Depths:2 | Identified the +1 pair of boots of the Camelopard {rPois}
 49040 | Depths:2 | Found a hazy altar of Hepliaklqana.
 49207 | Depths:2 | Reached skill level 5 in Invocations
 49773 | Depths:2 | Noticed a golden dragon
 49786 | Depths:2 | Killed a golden dragon
 50582 | Depths:2 | Found a one-way gate leading to the halls of Pandemonium.
 51480 | Depths:3 | Reached XP level 23. HP: 175/176 MP: 0/0
 51480 | Depths:3 | Learned a level 8 spell: Maxwell's Capacitive Coupling
 52419 | Depths:3 | Found a corrupted altar of Lugonu.
 52476 | Depths:4 | Entered Level 4 of the Depths
 53183 | Depths:4 | Noticed a golden dragon
 53189 | Depths:4 | Killed a golden dragon
 53241 | Depths:4 | Found a gate to the Realm of Zot.
 54043 | Vaults:1 | Entered Level 1 of the Vaults
 55081 | Vaults:1 | Reached XP level 24. HP: 184/184 MP: 0/0
 56642 | Vaults:2 | Reached skill level 10 in Invocations
 56813 | Vaults:2 | Noticed Saint Roka
 56828 | Vaults:2 | Killed Saint Roka
 57135 | Vaults:2 | Found a staircase to the Crypt.
 57346 | Vaults:2 | Noticed Mara
 57355 | Vaults:2 | Killed Mara
 57642 | Vaults:2 | Noticed Zenata
 57646 | Vaults:2 | Killed Zenata
 59398 | Vaults:3 | Found Pemiux's Antique Weapon Shop.
 59518 | Vaults:3 | Reached XP level 25. HP: 191/191 MP: 0/0
 59518 | Vaults:3 | Learned a level 8 spell: Disjunction
 60229 | Vaults:3 | Identified the +0 scale mail of Tooxzocw {Harm rC+}
 61779 | Vaults:4 | Found Launa's Antique Armour Shoppe.
 62421 | Vaults:5 | Entered Level 5 of the Vaults
 62452 | Vaults:5 | Noticed a dread lich
 62653 | Vaults:5 | Reached XP level 26. HP: 154/199 MP: 0/0
 62667 | Vaults:5 | Paralysed by something for 7 turns
 62674 | Vaults:5 | Noticed a dread lich
 62674 | Vaults:5 | Identified the ring of Itaraasch {Will+ Dex+6}
 62675 | Vaults:5 | HP: 13/260 [titan (30)]
 62676 | Vaults:5 | Slain by a titan

Illustrated notes

Levels and vault maps discovered:
D:1:      minmay_arrival_loop, layout_basic, basic_ecumenical_altar,
          minmay_small_reverse_x
D:2:      minmay_thinvault, layout_basic, serial_shops,
          nicolae_shop_bloodbath_and_beyond,
          nicolae_concentric_dashed_squares_mild
D:3:      layout_basic, nicolae_overflow_squiral, minmay_box_of_dots
D:4:      gammafunk_wand_slinger, layout_basic,
          mainiacjoe_overflow_small_starburst, minmay_misc_feat_ornament,
          minmay_misc_feat_encased
D:5:      lemuel_ice_spiral_2, layout_rooms, minmay_temple_entry_purple_smoke
D:6:      layout_basic
D:7:      layout_rooms, minitemple, gammafunk_ghost_nasty_kobolds
D:8:      layout_basic, enter_bailey_3
D:9:      layout_basic, minmay_orc_entry_temple_small
D:10:     minmay_the_grid_triangle_9x9_rhombus_full
          [minmay_the_grid_triangle_9x9_shrine,
          minmay_the_grid_triangle_9x9_alien,
          minmay_the_grid_triangle_9x9_zippers_horizontal,
          minmay_the_grid_triangle_9x9_wacky_v,
          minmay_the_grid_triangle_9x9_sprig,
          minmay_the_grid_triangle_9x9_intruding_spiral,
          minmay_the_grid_triangle_9x9_warning,
          minmay_the_grid_triangle_9x9_prize_center], layout_irregular_city
D:11:     layout_cave_pools, okawaru_gym_becter, uniq_erolcha
D:12:     layout_roguey, uniq_psyche
D:13:     layout_loops_ring, lightli_vaults_fourway_checkpoint, drop_trap,
          kennysheep_generic_room_7
D:14:     layout_irregular_city, chequers_serial_rivers_room_b,
          serial_co_window_serial, co_window_of_opportunity_a,
          co_window_of_opportunity_a, co_window_cross_1, co_window_corner_a,
          co_window_paths_a, co_window_corner_b, co_window_2corner,
          co_window_corner_ca, glass_columns_b, glass_columns_b,
          glass_columns_a, glass_columns_b, glass_columns_a,
          nicolae_shop_sticking_my_neck_out
D:15:     hangedman_depths_entry_civil_slaughter, layout_gridville,
          minmay_stone_trees_small, serial_shops, nicolae_lakefront_shop,
          uniq_louise
Temple:   minmay_crystal_spiral_temple
Lair:1:   layout_cave_shapes, chequers_serial_rivers_micro_a,
          chequers_serial_rivers_small_b, uniq_urug, uniq_maggie, uniq_sonja,
          uniq_gastronok, uniq_erica
Lair:2:   layout_loops_ring, gauntlet_entry_generic,
          portal_ice_cave_entry_ice_simulacra, nicolae_volcano_entry_s_turn,
          minivault_27
Lair:3:   layout_chaotic_city, minmay_shoals_entry_hut,
          grunt_forest_stairs_basic, grunt_megastairs_2
Lair:4:   layout_roguey, nicolae_spider_entry_orb_guardian
Lair:5:   layout_roguey, nicolae_slime_entry_slimehenge
Lair:6:   hangedman_lair_tendril_chambers, layout_big_grid,
          chequers_serial_rivers_small_b, infiniplex_staircase_pool_2,
          uniq_josephine
Shoals:1: layout_shoals, serial_shops, shop_statue, hangedman_shoals_cup_caves
Shoals:2: layout_shoals, nicolae_take_the_stairs, uniq_polyphemus, uniq_ilsuiw
Shoals:3: argonaut_golden_fleece, layout_shoals,
          nicolae_shoals_lost_giant_temple, uniq_jorgrun
Shoals:4: shoals_end_simple, layout_shoals, serial_shops, nicolae_diamond_shop,
          nicolae_specific_store
Spider:1: layout_cave_pods
Spider:2: layout_spider_delve, ebering_ghost_rock_garden
Spider:3: layout_spider_delve
Spider:4: grunt_spider_rune_island
Orc:1:    layout_caves, serial_shops, shop, uniq_snorg, uniq_nergalle
Orc:2:    st_orc_open, layout_caves
Elf:1:    eino_elf_arrival_customs, layout_loops_corners, evilmike_minifort,
          roderic_lattice_octagonal_star
Elf:2:    nicolae_elf_blades_crystal_corner, layout_onion_city, serial_shops,
          bzr_entry_customers, enter_trove_5, st_stairs_6, minmay_fountain_box
Elf:3:    minmay_elf_hall_hex, layout_gridlike, minmay_shoptagon
Vaults:1: nicolae_vaults_know_your_exits, nicolae_vaults_asterisk,
          vaults_mumra_hex, nicolae_vaults_little_squares_4,
          vaults_room_grunt_arrival_checkpoint, vaults_mumra_lcd,
          grunt_vaults_twisty, nicolae_vaults_triangles, vaults_dpeg_spiral,
          ontoclasm_vaults_ring_large, nicolae_vaults_little_squares_3,
          grunt_vaults_focal, layout_vaults_omnibox
Vaults:2: v_misc_27, minmay_crypt_entry_vampire_xt, nicolae_vaults_display_case,
          hangedman_vaults_pinch, v_misc_10, hangedman_vaults_stitches,
          nicolae_vaults_big_ls, vaults_room_large_hall,
          layout_vaults_quadrants, uniq_saint_roka, uniq_margery, uniq_zenata,
          uniq_mara
Vaults:3: nicolae_vaults_diagonal_hallway_8, v_alt_pattern_6, v_rooms_5,
          v_rooms_1, v_alt_pattern_2, v_alt_pattern_6,
          nicolae_vaults_fighting_squares, v_alt_pattern_1,
          nicolae_vaults_windows_and_doors_thing, v_alt_pattern_3,
          grunt_vaults_hallway_short, grunt_vaults_hallway_long,
          vaults_room_pools, layout_vaults_big_cross, serial_shops,
          nicolae_square_shop
Vaults:4: ontoclasm_vaults_ring_small, nicolae_vaults_minivaults,
          ontoclasm_vaults_spin, v_alt_pattern_4, vaults_room_corners,
          hangedman_vaults_snaps, ontoclasm_vaults_pinch,
          layout_vaults_chaotic_city, serial_shops, shop
Vaults:5
Depths:1: layout_honeycomb, enter_ziggurat_a, tso_metal_star, hell_entry,
          nicolae_abyss_entry_one_way_or_another, nicolae_ashenzari_panopticon,
          grunt_megastairs_4
Depths:2: minmay_nested_s, layout_cave_pools, hell_entry,
          nicolae_hepliaklqana_hippocampus, rand_demon_pan_entry_9,
          chequers_serial_rivers_small_3, minmay_tree_intersection,
          serial_bayou_shore_b, infiniplex_staircase_river
Depths:3: impenetrable_vault, layout_gridville, abyss_entry_flame_altar,
          nicolae_hell_entry_hellmouth_sunbeams, nicolae_wwwww,
          infiniplex_staircase_9_rooms
Depths:4: evilmike_zot_entry_argh, layout_basic, pf_coc_iceberg,
          nicolae_lava_and_water

Skill      XL: |  1  2  3  4  5  6  7  8  9 10 11 12 13 14 15 16 17 18 19 20 21 22 23 24 25 26 |
---------------+-------------------------------------------------------------------------------+-----
Armour         | 1 2 3 4 6 |  6.0
Fighting       | 1 2 3 4 6 7 8 9 10 12 13 14 15 16 17 18 19 20 | 20.0
Spellcasting   | 3 4 5 7 8 9 10 11 12 13 14 15 16 18 19 20 21 | 21.5
Dodging        | 3 4 5 7 8 9 10 11 13 14 15 16 17 18 19 20 21 | 21.7
Shields        | 3 7 8 10 11 12 13 14 15 16 17 | 17.7
Invocations    | 3 6 9 11 13 | 13.4
Stealth        | |  1.5

Action                   |  1- 3 |  4- 6 |  7- 9 | 10-12 | 13-15 | 16-18 | 19-21 | 22-24 | 25-27 || total
-------------------------+-------+-------+-------+-------+-------+-------+-------+-------+-------++-------
Melee: Staff             |       |       |     3 |     3 |     4 |     9 |    51 |     1 |       ||    71
       Unarmed           |       |       |       |       |       |       |    10 |       |       ||    10
       Bite              |       |       |       |       |       |       |     2 |       |       ||     2
       Tailslap          |       |       |       |       |       |       |     1 |       |       ||     1
 Cast: Magic Dart        |    96 |   201 |   120 |   203 |   281 |   159 |    40 |    34 |       ||  1134
       Blink             |     1 |     1 |       |       |    11 |     1 |    10 |     1 |     4 ||    29
       Call Imp          |     1 |     2 |     3 |     4 |       |     3 |       |       |       ||    13
       Conjure Flame     |     1 |     1 |     8 |     3 |     3 |       |       |       |       ||    16
       Mephitic Cloud    |       |     5 |    15 |    71 |    47 |    25 |     2 |     3 |       ||   168
       Poisonous Vapours |       |     4 |    31 |   112 |    99 |   192 |   159 |   116 |    47 ||   760
       Slow              |       |     3 |       |    49 |    24 |    25 |     8 |     1 |       ||   110
       Static Discharge  |       |       |    43 |   105 |   168 |   175 |   283 |   377 |   149 ||  1300
       Confusing Touch   |       |       |     1 |     1 |       |     1 |       |       |       ||     3
       Yara's Violent Un |       |       |       |    46 |    14 |    24 |     2 |     1 |     3 ||    90
       Freezing Cloud    |       |       |       |       |   165 |   269 |    70 |   101 |    48 ||   653
       Death Channel     |       |       |       |       |     2 |     1 |       |       |       ||     3
       Orb of Destructio |       |       |       |       |       |   105 |   271 |   225 |    49 ||   650
       Statue Form       |       |       |       |       |       |       |    84 |   116 |    30 ||   230
       Sandblast         |       |       |       |       |       |       |    18 |    41 |    31 ||    90
       Dragon Form       |       |       |       |       |       |       |     1 |       |       ||     1
       Maxwell's Capacit |       |       |       |       |       |       |       |    17 |       ||    17
       Disjunction       |       |       |       |       |       |       |       |       |     4 ||     4
 Abil: Breathe Fire      |       |       |       |       |       |       |     1 |       |       ||     1
Evoke: Wand              |       |       |       |    34 |    60 |     1 |       |       |       ||    95
  Use: Scroll            |       |    12 |     2 |    17 |     3 |     5 |     4 |     1 |     5 ||    49
       Potion            |       |       |       |     3 |     1 |     8 |     4 |       |     7 ||    23
Armor: Robe              |     8 |    28 |    15 |    15 |       |       |       |       |       ||    66
       Troll leather arm |       |       |       |    16 |    50 |    75 |     5 |       |       ||   146
       Skin              |       |       |       |       |       |       |   292 |   291 |   223 ||   806
       Animal skin       |       |       |       |       |       |       |       |    12 |     4 ||    16
Dodge: Dodged            |    21 |    53 |    30 |    81 |   222 |   313 |   542 |   593 |   340 ||  2195
Block: Buckler           |       |       |       |    31 |   128 |   333 |   564 |   657 |   329 ||  2042
       Reflection        |       |       |       |     9 |    11 |    47 |    75 |   106 |    29 ||   277
       Other             |       |       |       |       |       |       |     5 |       |       ||     5

Table legend: (Time is in decaauts)
 A = Elapsed time spent in this place.
 B = Non-inter-level travel time spent in this place.
 C = Inter-level travel time spent in this place.
 D = Time resting spent in this place.
 E = Time spent auto-exploring this place.
 F = Levels seen in this place.
 G = Mean time per level.
                   A        B        C        D        E       F      G
               +--------+--------+--------+--------+--------+-----+--------+
         Total |  69412 |  63829 |   5583 |  12919 |  32943 |  47 | 1476.9 |
       Dungeon |  22537 |  19747 |   2790 |   7049 |   9797 |  15 | 1502.5 |
        Temple |    214 |    129 |     85 |      0 |    112 |   1 |  214.0 |
          Lair |   6263 |   5526 |    737 |    325 |   3951 |   6 | 1043.8 |
        Shoals |   5082 |   4807 |    275 |    347 |   3184 |   4 | 1270.5 |
   Spider Nest |   4997 |   4643 |    354 |    717 |   2092 |   4 | 1249.2 |
  Orcish Mines |   1300 |   1139 |    161 |    203 |    527 |   2 |  650.0 |
   Elven Halls |   6877 |   6566 |    311 |    982 |   3569 |   3 | 2292.3 |
        Vaults |  11264 |  10918 |    346 |   1356 |   4332 |   5 | 2252.8 |
        Depths |   9457 |   8936 |    521 |   1663 |   5005 |   4 | 2364.2 |
        Bazaar |     92 |     92 |      0 |      0 |     77 |   1 |   92.0 |
      Ice Cave |    937 |    937 |      0 |    275 |    163 |   1 |  937.0 |
      Gauntlet |    387 |    387 |      0 |      2 |    133 |   1 |  387.0 |
               +--------+--------+--------+--------+--------+-----+--------+

Top non-repeatable levels by time:
Depths:2: 3603 daAuts
Vaults:3: 3142 daAuts
Vaults:2: 2913 daAuts
Vaults:1: 2696 daAuts
   Elf:2: 2691 daAuts
     D:9: 2510 daAuts
   Elf:1: 2461 daAuts
Vaults:4: 2421 daAuts
     D:1: 2293 daAuts
Spider:4: 2268 daAuts
     D:2: 2170 daAuts
Depths:3: 2158 daAuts
    D:10: 2138 daAuts
Depths:4: 1848 daAuts
Depths:1: 1846 daAuts
